 Dungeon Crawl Stone Soup version 0.23-a0-619-g281719c (webtiles) character file.

5 Leeroy the Conjurer (level 1, -1/10 HPs)
             Began as a Tengu Conjurer on Dec 22, 2018.
             Slain by a leopard gecko (3 damage)
             ... on level 1 of the Dungeon.
             The game lasted 00:01:52 (339 turns).

Leeroy the Conjurer (Tengu Conjurer)                 Turns: 339, Time: 00:01:52

Health: -1/10      AC:  2    Str:  8    XL:     1   Next: 80%
Magic:  3/4        EV: 12    Int: 15    God:
Gold:   66         SH:  0    Dex: 14    Spells: 3/4 levels left

rFire    . . .     SeeInvis .   h - +0 dagger
rCold    . . .     Gourm    .   (no shield)
rNeg     . . .     Faith    .   a - +0 robe
rPois    .         Spirit   .   (helmet restricted)
rElec    .         Reflect  .   (no cloak)
rCorr    .         Harm     .   (no gloves)
MR       .....                  (boots unavailable)
Stlth    ++........             (no amulet)
HPRegen  0.03/turn              (no ring)
MPRegen  0.09/turn              (no ring)

@: no status effects
A: beak, talons 3
a: no special abilities


You were on level 1 of the Dungeon.
You were not hungry.

You visited 1 branch of the dungeon, and saw 1 of its levels.

You collected 66 gold pieces.

Inventory:

Hand Weapons
 h - a +0 dagger (weapon)
Missiles
 i - 2 javelins (quivered)
Armour
 a - a +0 robe (worn)
 e - a +0 ring mail
Scrolls
 b - a scroll of teleportation {unknown}
 f - a scroll of magic mapping {unknown}
 j - a scroll of remove curse {unknown}
 k - a scroll of enchant weapon {unknown}
Potions
 d - a potion of magic {unknown}
Comestibles
 c - a ration
 g - 6 chunks of flesh


   Skills:
 * Level 2.2 Dodging
 + Level 2.0 Stealth
 + Level 2.0 Spellcasting
 + Level 5.6 Conjurations


You had 3 spell levels left.
You knew the following spells:

 Your Spells              Type           Power        Failure   Level  Hunger
a - Magic Dart            Conj           ###.         2%          1    #......

Your spell library contained the following spells:

 Spells                   Type           Power        Failure   Level  Hunger
 Searing Ray              Conj           ###...       3%          2    ###....
 Dazzling Spray           Conj/Hex       ##....       21%         3    ###....
 Iskenderun's Mystic Bla  Conj           ###.....     22%         4    #####..
 Force Lance              Conj/Tloc      ##......     56%         4    #####..
 Fulminant Prism          Conj/Hex       ##........   56%         4    #####..


Dungeon Overview and Level Annotations

Branches:
Dungeon (1/15)

Altars:


Innate Abilities, Weirdness & Mutations

You have a beak for a mouth.
You have claws for feet.


Message History

Aim: a leopard gecko (clinging)
The magic dart hits the leopard gecko.
The leopard gecko is moderately wounded.
The leopard gecko bites you.
You miss the leopard gecko. Your kick misses the leopard gecko.
The leopard gecko completely misses you.
You barely miss the leopard gecko.
You peck the leopard gecko, but do no damage.
The leopard gecko hisses menacingly.
The leopard gecko closely misses you.
You hit the leopard gecko but do no damage.
Your peck misses the leopard gecko. The leopard gecko barely misses you.
You closely miss the leopard gecko. The leopard gecko bites you.
The leopard gecko misses you.
You closely miss the leopard gecko. The leopard gecko bites you.
You barely miss the leopard gecko. The leopard gecko closely misses you.
The leopard gecko bites you.
* * * LOW HITPOINT WARNING * * *
The leopard gecko bites you.
You die...

##.##..##.. #........#
.#........# #.#
........#.# #.#
.#..##....# ##.#
..........####### #..#
.#..............# #.##
.##.#.....#####.# #.#
.##.......#####.####.#
#######.#.##....@l...#
### #......##.######
..#######.#####.#
.....# #.......#
.....# #########
..##.# ...#.# .#.#.#
.....#


You could see a leopard gecko.

Vanquished Creatures
  A giant cockroach (D:1)
  A goblin (D:1)
  A hobgoblin (D:1)
  A frilled lizard (D:1)
  A rat (D:1)
5 creatures vanquished.

Notes
Turn   | Place    | Note
-------+----------+-------------------------------------------
     0 | D:1      | Leeroy the Tengu Conjurer began the quest for the Orb.
     0 | D:1      | Reached XP level 1. HP: 10/10 MP: 4/4
   339 | D:1      | Slain by a leopard gecko

Vault maps used:
D:1:      minmay_arrival_hallway

Action                   || total
-------------------------++-------
Melee: Dagger            ||    11
       Kick              ||     4
       Unarmed           ||     2
       Peck              ||     1
 Cast: Magic Dart        ||     6
Dodge: Dodged            ||     9

Table legend:
 A = Non-vault XP
 B = Vault XP
 C = Vault XP percentage of total XP
 D = Non-vault monster count
 E = Vault monster count
 F = Vault count percentage of total count
                 A         B        C        D         E       F
            +---------+---------+-------+---------+---------+-------
      Total |       8 |       0 |   0.0 |       5 |       0 |   0.0
            +---------+---------+-------+---------+---------+-------
        D:1 |       8 |       0 |   0.0 |       5 |       0 |   0.0
            +---------+---------+-------+---------+---------+-------
